 Dungeon Crawl Stone Soup version 0.30-b1-2-g02819fbbbe (webtiles) character file.

Game seed: 11540427994131704156

11113 Borgoz the Basher (level 11, -5/78 HPs)
             Began as a Gargoyle Berserker on June 22, 2023.
             Was a High Priest of Trog.
             Slain by a large abomination (18 damage)
             ... on level 2 of the Abyss.
             The game lasted 00:17:20 (9992 turns).

Borgoz the Basher (Gargoyle Berserker)              Turns: 9992, Time: 00:17:21

Health: -5/78      AC: 20    Str: 26    XL:     11   Next: 72%
Magic:  0/11       EV: 16    Int: 12    God:    Trog [*****.]
Gold:   456        SH:  0    Dex: 18    Spells: 10/10 levels left

rFire   . . .        J - +4 morningstar (holy)
rCold   + . .        (no shield)
rNeg    + . .        x - +2 leather armour {rC+}
rPois   ∞            (no helmet)
rElec   +            H - +0 cloak
rCorr   .            g - +0 pair of gloves
SInv    .            n - +0 pair of boots
Will    ++...        h - amulet of guardian spirit
Stlth   +++          F - ring "Wioby" {Will++ Str+6}
HPRegen 0.33/turn    L - +6 ring of dexterity
MPRegen 0.12/turn

%: guardian spirit
@: about to teleport, on berserk cooldown, flying, slowed, very slow
A: sickness immunity, AC +8, negative energy resistance 1, electricity
resistance, torment resistance 1, petrification resistance, big wings,
iridescent scales 1, clever 1, robust 1
a: Renounce Religion, Berserk, Trog's Hand, Brothers in Arms


You were on level 2 of the Abyss.
You worshipped Trog.
Trog was extremely pleased with you.
You visited 2 branches of the dungeon, and saw 11 of its levels.
You visited the Abyss 1 time.
You also visited: Sewer.

You collected 456 gold pieces.

Inventory:

Hand Weapons
 a - a +1 flail of protection
 b - a +2 vampiric whip
 J - a +4 morningstar of holy wrath (weapon)
 M - a +4 flail
Missiles
 u - 49 poisoned darts (quivered)
 w - 5 curare-tipped darts
 z - a boomerang
Armour
 g - a +0 pair of gloves (worn)
 n - a +0 pair of boots (worn)
 x - a +2 leather armour of cold resistance (worn)
 E - +0 steam dragon scales
 H - a +0 cloak (worn)
Jewellery
 h - an amulet of guardian spirit (around neck)
 y - an amulet of faith
 F - the ring "Wioby" (left hand) {Will++ Str+6}
   (You found it on level 3 of the Dungeon)

   [ring of strength]

   Str:       It affects your strength (+6).
   Will:      It greatly increases your willpower.
 L - a +6 ring of dexterity (right hand)
Wands
 c - a wand of charming (1)
 D - a wand of polymorph (13)
 K - a wand of digging (8)
Scrolls
 e - 5 scrolls of teleportation
 i - 4 scrolls of fog
 m - a scroll of silence {unknown}
 o - a scroll of brand weapon {unknown}
 p - a scroll of enchant weapon {unknown}
 q - 5 scrolls of fear {unknown}
 v - 2 scrolls of summoning {unknown}
 A - 2 scrolls of poison {unknown}
 B - a scroll of amnesia {unknown}
 C - 3 scrolls of immolation {unknown}
 I - a scroll of vulnerability {unknown}
Potions
 d - 2 potions of ambrosia
 f - 6 potions of curing
 j - a potion of lignification {unknown}
 k - 4 potions of haste
 l - 2 potions of mutation
 r - a potion of resistance {unknown}
 s - 2 potions of might {unknown}
 t - 2 potions of cancellation
 G - a potion of attraction


   Skills:
 * Level 9.5 Fighting
 * Level 10.4 Maces & Flails
 + Level 3.2 Throwing
 * Level 9.1 Armour
 * Level 6.9 Dodging
 + Level 4.3 Stealth
 + Level 3.2 Evocations


You had 10 spell levels left.
You didn't know any spells.
Your spell library was empty.

Dungeon Overview and Level Annotations

Branches:
Dungeon (10/15)            Temple (1/1) D:6           Sewer (visited)
   Lair: D:8-11         Orc: D:9-12

Altars:
Ashenzari
Cheibriados
Dithmenos
Elyvilon
Fedhas
Gozag
Hepliaklqana
Kikubaaqudgha
Makhleb
Nemelex Xobeh
Okawaru
Qazlal
Ru
Sif Muna
Trog
Uskayaw
Vehumet
Wu Jian
Xom
Yredelemnul
Zin
The Shining One


Innate Abilities, Weirdness & Mutations

You are immune to sickness and miasma.
Your stone body is resilient. (AC +8)
You are immune to poison.
You resist negative energy. (rN+)
You are resistant to electric shocks. (rElec)
You are resistant to unholy torment.
You are immune to petrification.
Your large and strong wings let you fly.
You are partially covered in iridescent scales. (AC +2)
Your mind is acute. (Int +4, Str/Dex -1)
You are robust. (+10% HP)


Message History

The thrashing horror tramples you but does no damage.
The thrashing horror barely misses you.
The thrashing horror closely misses you.
The thrashing horror tramples you but does no damage.
The large abomination hits you!!
The thrashing horror attacks as you move away!
The thrashing horror completely misses you.
The thrashing horror barely misses you.
A quasit and a large abomination come into view.
The thrashing horror tramples you.
You are shoved backwards!
The thrashing horror closely misses you.
The thrashing horror barely misses you.
As you read the scroll of teleportation, it crumbles to dust.
You feel strangely unstable.
You feel the power of the Abyss delaying your translocation!
The thrashing horror tramples you!
You hold your ground!
The thrashing horror tramples you but does no damage.
The thrashing horror tramples you.
You hold your ground!
The thrashing horror barely misses you.
The large abomination completely misses you.
The large abomination hits you.
The quasit bites you but does no damage.
The quasit misses you.
The quasit claws you but does no damage.
The thrashing horror tramples you!
You are shoved backwards!
The large abomination hits you but does no damage.
The thrashing horror tramples you but does no damage.
The thrashing horror barely misses you. The large abomination hits you!
* * * LOW HITPOINT WARNING * * *
The thrashing horror attacks as you move away!
The thrashing horror barely misses you. x2; The thrashing horror misses you.
The thrashing horror closely misses you.
The large abomination barely misses you.
The thrashing horror tramples you!
* * * LOW HITPOINT WARNING * * *
You hold your ground!
The thrashing horror closely misses you.
The large abomination hits you but does no damage.
The large abomination hits you!!
You die...

##...........
#########............
#~~~~##...# ######'#
#~~~~~~.##### #
#~~~~~~..##.#
#.~~~♣~~~~~##§
##~.~5~~#~...#
##~~X.~~♣~~~~~
#.@X~~~~♣~~~~
#.#X..~~♣~≈≈~
#.###~.~~♣ ≈~ ..
.~~♣≈≈ ..# ~~~≈♣♣~
..~ ~♣≈♣~~ #..~
♣≈♣~.. #.~~ .~


You could see a thrashing horror, 2 large abominations and a quasit.

Vanquished Creatures
  A centaur warrior (D:9)
  A tengu warrior (D:10)
  4 trolls (D:9)
  2 polar bears (D:9)
  A hornet (D:9)
  Sigmund (D:4)
  6 yaks
  2 unseen horror simulacra (D:9)
  A steam dragon (D:9)
  4 vampire mosquitoes (D:5)
  An acid dragon (D:9)
  2 water moccasins
  A black bear (D:5)
  A hornet zombie (D:5)
  4 ice beasts
  A sky beast (D:7)
  2 orc warriors
  3 wolves (D:9)
  A centaur (D:7)
  3 ogres
  A phantom (D:5)
  5 kobold brigands
  2 necrophages (D:5)
  2 gnoll sergeants
  7 bullfrogs
  A scorpion (D:5)
  2 water moccasin zombies (D:5)
  8 wights
  An electric eel (D:9)
  A human zombie (D:5)
  6 orc priests
  3 jellies (D:5)
  Crazy Yiuf (D:6)
  4 bullfrog zombies (D:5)
  A gnoll bouda (D:3)
  A sleepcap (D:6)
  Terence (D:3)
  Natasha (twice) (D:3)
  3 iguanas
  8 orc wizards
  4 centaur simulacra (D:9)
  20 gnolls
  14 adders
  2 river rats (Sewer)
  2 shadow imps
  4 white imps (D:9)
  2 howler monkey simulacra (D:9)
  2 ufetubi (D:9)
  4 worms
  A dart slug (D:4)
  24 orcs
  12 ball pythons
  4 bats
  11 endoplasms
  2 giant cockroaches
  7 goblins
  12 hobgoblins
  7 jackals
  2 quokkas (D:1)
  A frilled lizard (D:3)
  34 kobolds
  9 rats
282 creatures vanquished.

Vanquished Creatures (collateral kills)
  A skeletal warrior (D:9)
  A cyclops (D:9)
  A troll (D:9)
  A meliai (shapeshifter) (D:9)
  2 yaks (D:8)
6 creatures vanquished.

Vanquished Creatures (others)
  A quokka (D:8)
  24 plants (D:2)
25 creatures vanquished.

Grand Total: 313 creatures vanquished

Notes
Turn   | Place    | Note
-------+----------+-------------------------------------------
     0 | D:1      | Borgoz the Gargoyle Berserker began the quest for the Orb.
     0 | D:1      | Reached XP level 1. HP: 14/14 MP: 1/1
    35 | D:1      | Reached XP level 2. HP: 12/19 MP: 2/2
   163 | D:1      | Found a faded altar of an unknown god.
   269 | D:1      | Reached XP level 3. HP: 15/23 MP: 3/3
   586 | D:2      | Reached ** piety under Trog
   881 | D:2      | Reached XP level 4. HP: 29/29 MP: 4/4
   947 | D:2      | Found an opulent altar of Gozag.
  1011 | D:2      | Reached skill level 4 in Maces & Flails
  1326 | D:3      | Noticed Terence
  1341 | D:3      | Killed Terence
  1342 | D:3      | Reached XP level 5. HP: 33/33 MP: 5/5
  1910 | D:3      | Reached XP level 6. HP: 39/39 MP: 6/6
  2067 | D:3      | Noticed Natasha
  2072 | D:3      | Killed Natasha
  2189 | D:3      | Noticed Natasha
  2197 | D:3      | Killed Natasha
  2252 | D:3      | Identified the ring "Wioby" {Will++ Str+6}
  2306 | D:4      | Found a glowing drain.
  2320 | Sewer    | Entered a sewer
  2344 | Sewer    | Reached *** piety under Trog
  2345 | Sewer    | Reached skill level 5 in Maces & Flails
  2613 | Sewer    | Gained mutation: You are robust. (+10% HP) [potion of
                  | mutation]
  2613 | Sewer    | Gained mutation: You are partially covered in iridescent
                  | scales. (AC +2) [potion of mutation]
  2613 | Sewer    | Gained mutation: Your mind is acute. (Int +4, Str/Dex -1)
                  | [potion of mutation]
  2613 | Sewer    | Gained mutation: Your large and strong wings let you fly.
                  | [potion of mutation]
  2635 | Sewer    | Reached XP level 7. HP: 48/48 MP: 7/7
  2816 | D:4      | Reached skill level 5 in Fighting
  3018 | D:4      | Reached **** piety under Trog
  3174 | D:4      | Noticed Sigmund
  3184 | D:4      | Killed Sigmund
  3185 | D:4      | Reached skill level 6 in Maces & Flails
  3472 | D:5      | Entered Level 5 of the Dungeon
  3595 | D:5      | Reached XP level 8. HP: 55/55 MP: 5/8
  3701 | D:5      | Reached skill level 5 in Armour
  3974 | D:5      | Reached skill level 7 in Maces & Flails
  4297 | D:5      | Reached XP level 9. HP: 51/61 MP: 7/9
  4314 | D:5      | Reached skill level 8 in Maces & Flails
  4507 | D:5      | Found a basalt altar of Yredelemnul.
  5050 | D:6      | Reached skill level 5 in Dodging
  5075 | D:6      | Found a shimmering blue altar of Sif Muna.
  5271 | D:6      | Reached ***** piety under Trog
  5503 | D:6      | Reached skill level 9 in Maces & Flails
  5569 | D:6      | Found a staircase to the Ecumenical Temple.
  5678 | Temple   | Entered the Ecumenical Temple
  5859 | D:6      | Found a runed translucent door.
  5860 | D:6      | Noticed Crazy Yiuf
  6062 | D:6      | Killed Crazy Yiuf
  6285 | D:6      | Found an ornate altar of the Wu Jian Council.
  6378 | D:7      | Reached skill level 1 in Stealth
  6459 | D:7      | Reached XP level 10. HP: 69/69 MP: 10/10
  6563 | D:7      | Reached skill level 1 in Throwing
  6683 | D:7      | Reached skill level 1 in Evocations
  7417 | D:8      | Found a white marble altar of Elyvilon.
  7823 | D:8      | Found the +8 trident of the Octopus King {venom, rElec
                  | rPois}
  7890 | D:8      | Found a shadowy altar of Dithmenos.
  8754 | D:9      | Reached XP level 11. HP: 75/75 MP: 11/11
  8845 | D:9      | Reached skill level 10 in Maces & Flails
  8993 | D:9      | Found a sparkling altar of Nemelex Xobeh.
  9042 | D:9      | Noticed a cyclops
  9046 | D:9      | Noticed a centaur warrior
  9050 | D:9      | Noticed a skeletal warrior
  9063 | D:9      | Killed a skeletal warrior
  9065 | D:9      | Killed a cyclops
  9066 | D:9      | HP: 1/78 [centaur warrior/arrow (16)]
  9082 | D:9      | Killed a centaur warrior
  9773 | D:10     | Entered Level 10 of the Dungeon
  9775 | D:10     | Noticed a tengu warrior
  9786 | D:10     | Killed a tengu warrior
  9935 | D:10     | Noticed a wizard
  9943 | Abyss:2  | Cast into level 2 of the Abyss (a wizard)
  9971 | Abyss:2  | Noticed a thrashing horror
  9978 | Abyss:2  | Noticed a large abomination
  9987 | Abyss:2  | Noticed a large abomination
  9992 | Abyss:2  | Slain by a large abomination

Illustrated notes

Levels and vault maps discovered:
D:1:      scummos_arrival_hexagon, layout_rooms, basic_ecumenical_altar
D:2:      layout_basic, basic_altar, corexii_corridor_pit,
          serial_bayou_lagoon_a, chequers_serial_rivers_marsh,
          minmay_crystal_water, kennysheep_generic_room_15
D:3:      layout_basic, uniq_natasha, uniq_terence
D:4:      layout_basic, portal_sewer_entry_d, kennysheep_generic_room_9,
          uniq_sigmund
D:5:      layout_loops_corners, lemuel_mausoleum_altar_yredelemnul,
          grunt_ministairs_7, minmay_diced_spiral
D:6:      layout_basic, mainiacjoe_overflow_alcove_1,
          nicolae_wu_jian_immortal_techniques, minmay_temple_entry_statues,
          uniq_crazy_yiuf_cottage
D:7:      layout_rooms
D:8:      layout_gridville, grunt_dithmenos_smoke_and_mirrors, elyvilon_altar_4,
          minmay_misc_feat_square, minmay_misc_feat_iff
D:9:      minmay_blocky_corners, layout_gridville, nemelex_diamond_rough_becter,
          serial_ice, serial_ice_a, serial_ice_o, serial_ice_l, serial_ice_h,
          serial_ice_e, serial_ice_b, serial_ice_f, serial_ice_m, serial_ice_g,
          serial_ice_n, minivault_19
D:10:     minmay_chopped_fan, layout_loops_cross, david_lair_shrubbed,
          uniq_snorg, uniq_grum, uniq_erolcha
Temple:   lightli_temple_of_artemis
Abyss:2:  base:
D:2

Skill      XL: |  1  2  3  4  5  6  7  8  9 10 11 |
---------------+----------------------------------+-----
Dodging        | 2 3 4 5 6 |  6.9
Maces & Flails | 4 5 6 7 9 10 | 10.4
Armour         | 3 4 5 7 8 9 |  9.1
Fighting       | 4 5 6 7 8 9 |  9.5
Stealth        | 1 3 4 |  4.3
Throwing       | 2 3 |  3.2
Evocations     | 2 3 |  3.2

Action                     |  1- 3 |  4- 6 |  7- 9 | 10-12 || total
---------------------------+-------+-------+-------+-------++-------
  Melee: Mace              |   116 |    63 |       |       ||   179
         Flail             |       |   177 |   367 |   151 ||   695
         Punch             |       |     1 |     3 |    13 ||    17
         Whip              |       |       |    78 |   368 ||   446
         Morningstar       |       |       |       |    81 ||    81
  Throw: Dart              |       |       |       |     3 ||     3
 Invoke: Berserk           |     1 |     3 |     5 |     2 ||    11
         Trog's Hand       |       |     2 |     2 |     3 ||     7
         Brothers in Arms  |       |       |       |     2 ||     2
    Use: Scroll            |       |     5 |     1 |     5 ||    11
         Potion            |       |     4 |       |     2 ||     6
   Stab: Sleeping          |     1 |       |       |     2 ||     3
         Invisible         |       |     4 |       |       ||     4
 Armour: Animal skin       |    38 |    23 |       |       ||    61
         Scale mail        |       |    87 |    31 |       ||   118
         Leather armour    |       |       |   182 |   397 ||   579
  Dodge: Dodged            |   107 |   165 |   237 |   534 ||  1043
